 Dungeon Crawl Stone Soup version 0.29.0 (webtiles) character file.

Game seed: 369292800095814542

37824 kaikaun the Carver (level 13, 0/106 HPs)
             Began as a Gnoll Cinder Acolyte on Sept 2, 2022.
             Was a Follower of Okawaru.
             Slain by a fire elemental (14 damage)
             ... created by the fiery vengeance of Ignis
             ... on level 3 of the Lair of Beasts.
             The game lasted 01:24:29 (15915 turns).

kaikaun the Carver (Gnoll Cinder Acolyte)          Turns: 15915, Time: 01:24:29

Health: 0/106      AC: 10    Str: 14    XL:     13   Next: 99%
Magic:  23/26      EV: 16    Int: 14    God:    Okawaru [*.....]
Gold:   694        SH: 12    Dex: 18    Spells: 13/31 levels left

rFire   . . .      SeeInvis .   b - +3 falchion (freeze)
rCold   . . .      Faith    +   U - +0 kite shield
rNeg    . . .      Spirit   .   K - +0 troll leather armour
rPois   +          Reflect  .   D - +1 helmet "Pinki" {rPois}
rElec   .          Harm     .   o - +0 cloak
rCorr   .          Rampage  .   u - +0 pair of gloves
Will    .....                   (no boots)
Stlth   ++++......              q - amulet of faith
HPRegen 1.07/turn               y - +6 ring of dexterity
MPRegen 0.20/turn               I - ring of wizardry

@: swift, fire susceptible, quick
A: fangs 1, strong nose, distributed training
a: Renounce Religion, Heroism


You were on level 3 of the Lair of Beasts.
You worshipped Okawaru.
Okawaru was aware of your devotion.
You visited 3 branches of the dungeon, and saw 14 of its levels.
You also visited: Bailey.

You collected 999 gold pieces.
You spent 305 gold pieces at shops.

Inventory:

Hand Weapons
 a - a +4 sling of flaming
 b - a +3 falchion of freezing (weapon)
 c - a -1 falchion of flaming
 w - a +5 dagger of electrocution
Missiles
 e - 39 poisoned darts
 n - 2 curare-tipped darts
 v - 5 throwing nets
Armour
 o - a +0 cloak (worn)
 u - a +0 pair of gloves (worn)
 D - the +1 helmet "Pinki" (worn) {rPois}
   (You found it on level 2 of the Lair of Beasts)

   rPois:     It protects you from poison.
 K - a +0 troll leather armour (worn)
 U - a +0 kite shield (worn)
Jewellery
 k - a ring of resist corrosion
 q - an amulet of faith (around neck)
 s - a ring of flight
 y - a +6 ring of dexterity (left hand)
 I - a ring of wizardry (right hand)
Wands
 r - a wand of mindburst (9)
 z - a wand of acid (1)
 L - a wand of iceblast (14)
Scrolls
 g - a scroll of immolation
 h - a scroll of teleportation
 p - 4 scrolls of poison
 C - 4 scrolls of fear {unknown}
 E - 6 scrolls of fog {unknown}
 G - 5 scrolls of magic mapping {unknown}
 H - 2 scrolls of blinking
 N - 5 scrolls of enchant armour {unknown}
Potions
 d - 3 potions of flight
 f - a potion of attraction
 i - 14 potions of curing
 B - 2 potions of invisibility
 F - 6 potions of might
 O - 4 potions of haste


   Skills:
 + Level 11.2 Fighting
 + Level 9.1 Short Blades
 + Level 11.2 Long Blades
 + Level 9.1 Axes
 + Level 9.1 Maces & Flails
 + Level 9.1 Polearms
 + Level 9.1 Staves
 + Level 9.1 Ranged Weapons
 + Level 9.1 Throwing
 + Level 9.1 Armour
 + Level 9.1 Dodging
 + Level 9.1 Stealth
 + Level 9.1 Shields
 + Level 9.1 Unarmed Combat
 + Level 9.5 Spellcasting
 + Level 7.6 Conjurations
 + Level 7.6 Hexes
 + Level 7.6 Summonings
 + Level 7.6 Necromancy
 + Level 7.6 Translocations
 + Level 7.6 Transmutations
 + Level 9.4 Fire Magic
 + Level 7.6 Ice Magic
 + Level 7.6 Air Magic
 + Level 7.6 Earth Magic
 + Level 7.6 Poison Magic
 + Level 9.9 Invocations
 + Level 9.1 Evocations


You had 13 spell levels left.
You knew the following spells:

 Your Spells              Type           Power      Damage    Failure   Level
a - Scorch                Fire           66%        2d8       1%          2
b - Searing Ray           Conj           56%        2d6       1%          2
c - Gell's Gravitas       Tloc           28%        N/A       1%          3
d - Ensorcelled Hibernat  Hex/Ice        56%        N/A       1%          2
e - Passwall              Tmut/Erth      23%        N/A       1%          2
f - Swiftness             Air            28%        N/A       1%          3
g - Fulminant Prism       Conj/Hex       14%        3d9       5%          4

Your spell library contained the following spells:

 Spells                   Type           Power      Damage    Failure   Level
 Apportation              Tloc           56%        N/A       1%          1
 Magic Dart               Conj           100%       1d8       1%          1
 Poisonous Vapours        Pois/Air       56%        N/A       1%          2
 Lesser Beckoning         Tloc           28%        N/A       1%          3
 Spider Form              Tmut/Pois      28%        N/A       1%          3
 Teleport Other           Tloc           28%        N/A       1%          3
 Anguish                  Hex/Necr       14%        N/A       5%          4
 Corpse Rot               Necr/Pois/Air  28%        N/A       5%          4
 Orb of Destruction       Conj           14%        9d7       98%         7
 Chain Lightning          Conj/Air       14%        3d18      100%        9
 Fire Storm               Conj/Fire      15%        8d4       100%        9
 Polar Vortex             Ice            14%        N/A       100%        9
 Shatter                  Erth           14%        3d14*     100%        9
 Summon Small Mammal      Summ           Unusable   N/A       N/A         1
 Call Canine Familiar     Summ           Unusable   N/A       N/A         3
 Summon Guardian Golem    Hex/Summ       Unusable   N/A       N/A         3
 Spellforged Servitor     Conj/Summ      Unusable   N/A       N/A         7

Dungeon Overview and Level Annotations

Branches:
Dungeon (10/15)            Temple (1/1) D:4            Lair (3/5) D:8
  Swamp (0/4) Lair:3        Snake (0/4) Lair:2       Bailey (visited)
    Orc: D:9-12

Altars:
Ashenzari
Cheibriados
Dithmenos
Elyvilon
Fedhas
Gozag
Hepliaklqana
Kikubaaqudgha
Makhleb
Nemelex Xobeh
Okawaru
Qazlal
Ru
Sif Muna
Trog
Uskayaw
Vehumet
Wu Jian
Xom
Yredelemnul
Zin
The Shining One

Shops:
D:8 *

Annotations:
D:10 3 runed translucent doors


Innate Abilities, Weirdness & Mutations

You have very sharp teeth.
Your uncanny sense of smell can sniff out nearby items.
Your experience applies equally to all skills.


Message History

You hit the fire elemental. You freeze the fire elemental.
The fire elemental is almost destroyed.
The fire elemental barely misses you. The fire elemental closely misses you.
The fire elemental hits you. The fire elemental burns you!
You miss the fire elemental.
The fire elemental is almost destroyed.
The fire elemental hits you. The fire elemental burns you!
The fire elemental closely misses you. The fire elemental hits you.
The fire elemental burns you! The fire elemental barely misses you.
You hit the fire elemental. You freeze the fire elemental.
The fire elemental is almost destroyed.
The fire elemental closely misses you. The fire elemental hits you.
The fire elemental burns you!
You closely miss the fire elemental.
The fire elemental is almost destroyed.
The fire elemental hits you. The fire elemental burns you!
* * * LOW HITPOINT WARNING * * *
You block the fire elemental's attack. The fire elemental hits you.
The fire elemental burns you!
* * * LOW HITPOINT WARNING * * *
The fire elemental hits you.
* * * LOW HITPOINT WARNING * * *
The fire elemental burns you!
* * * LOW HITPOINT WARNING * * *
Unknown command.
You feel much better.
You feel yourself speed up. The fire elemental misses you.
The fire elemental barely misses you. The fire elemental hits you.
The fire elemental burns you!
* * * LOW HITPOINT WARNING * * *
The fire elemental closely misses you.
You slash the fire elemental! You freeze the fire elemental.
You destroy the fire elemental!
That felt strangely unrewarding.
The fire elemental hits you. The fire elemental burns you!
* * * LOW HITPOINT WARNING * * *
Casting: Ensorcelled Hibernation (safe; 1% risk of failure)
Confirm with . or Enter, or press ? or * to list all spells.
You feel quick. The fire elemental hits you. The fire elemental burns you!
You die...

#§ ##### #........
##.#####.###........
##§§~.#....##.....P..
##..§.................
#.§§.~................
#....................
#.#....(........[...P
#....###..P##.......
#..@.# #..###.......
#..E.####..........#
##...##.....P....b..
...##....+.......#.
.#...##....#......##
###... ##..###......#
...# #### #.....##
...# #####.......
.............


You could see a fire elemental.

Vanquished Creatures
  Gastronok (Lair:2)
  The ghost of PublicAnimeNo1 the Geomancer, a journeyman KoEE of Kikubaaqudgha (Lair:2)
  Harold (Lair:2)
  2 vault guards (Bailey)
  A boulder beetle (D:10)
  2 two-headed ogres (D:10)
  A death yak (Lair:2)
  Nergalle (Lair:1)
  A wizard (D:9)
  A lindwurm (Lair:2)
  An orc sorcerer (D:9)
  A necromancer (D:10)
  A will-o-the-wisp (Lair:3)
  10 elephants
  A moth of wrath (Lair:2)
  Joseph (D:7)
  7 cane toads
  Maggie (D:7)
  A kobold demonologist (D:10)
  A torpor snail (Lair:1)
  4 komodo dragons
  4 trolls
  Prince Ribbit (D:6)
  5 blink frogs (Lair:1)
  8 dream sheep
  2 wraiths (D:10)
  2 wyverns
  43 yaks
  8 humans
  5 fire elementals
  Grum (D:8)
  A steam dragon (D:8)
  A vampire mosquito (D:10)
  3 basilisks (Lair:1)
  A naga (Lair:2)
  An acid dragon (D:10)
  9 water moccasins
  Duvessa (D:7)
  4 orc warriors
  2 sky beasts
  4 black bears
  2 ogres (D:5)
  5 centaurs (D:10)
  23 wolves
  4 phantoms
  5 kobold brigands
  20 bullfrogs
  6 gnoll sergeants
  6 scorpions
  16 wights
  Dowan (D:7)
  5 killer bees (D:9)
  3 howler monkeys
  3 hounds
  3 gnoll boudas
  3 orc priests
  A jelly (D:6)
  3 iguanas
  5 orc wizards
  32 gnolls
  3 adders
  3 shadow imps
  3 white imps
  2 ufetubi
  A worm (D:2)
  2 dart slugs
  34 orcs
  4 bats (D:1)
  10 endoplasms
  2 giant cockroaches (D:2)
  13 goblins
  7 hobgoblins
  7 jackals
  A quokka (D:2)
  7 ball pythons
  6 frilled lizards
  33 kobolds
  4 rats
435 creatures vanquished.

Vanquished Creatures (others)
  17 foxfires
  19 fungi
  7 plants
43 creatures vanquished.

Grand Total: 478 creatures vanquished

Notes
Turn   | Place    | Note
-------+----------+-------------------------------------------
     0 | D:1      | kaikaun the Gnoll Cinder Acolyte began the quest for the
                  | Orb.
     0 | D:1      | Reached XP level 1. HP: 23/23 MP: 4/4
    61 | D:1      | Reached XP level 2. HP: 17/29 MP: 5/5
    66 | D:1      | Learned a level 2 spell: Scorch
   383 | D:1      | Found a faded altar of an unknown god.
   470 | D:1      | Reached XP level 3. HP: 35/35 MP: 7/7
  1033 | D:2      | Reached skill level 1 in Invocations
  1380 | D:2      | Reached skill level 1 in Short Blades
  1380 | D:2      | Reached skill level 1 in Axes
  1380 | D:2      | Reached skill level 1 in Maces & Flails
  1380 | D:2      | Reached skill level 1 in Polearms
  1380 | D:2      | Reached skill level 1 in Staves
  1380 | D:2      | Reached skill level 1 in Ranged Weapons
  1380 | D:2      | Reached skill level 1 in Throwing
  1380 | D:2      | Reached skill level 1 in Armour
  1380 | D:2      | Reached skill level 1 in Dodging
  1380 | D:2      | Reached skill level 1 in Stealth
  1380 | D:2      | Reached skill level 1 in Shields
  1380 | D:2      | Reached skill level 1 in Unarmed Combat
  1380 | D:2      | Reached skill level 1 in Evocations
  1717 | D:3      | Noticed a phantom
  1730 | D:3      | Killed a phantom
  1731 | D:3      | Reached skill level 1 in Conjurations
  1731 | D:3      | Reached skill level 1 in Hexes
  1731 | D:3      | Reached skill level 1 in Summonings
  1731 | D:3      | Reached skill level 1 in Necromancy
  1731 | D:3      | Reached skill level 1 in Translocations
  1731 | D:3      | Reached skill level 1 in Transmutations
  1731 | D:3      | Reached skill level 1 in Ice Magic
  1731 | D:3      | Reached skill level 1 in Air Magic
  1731 | D:3      | Reached skill level 1 in Earth Magic
  1731 | D:3      | Reached skill level 1 in Poison Magic
  1731 | D:3      | Reached XP level 4. HP: 41/41 MP: 1/8
  1731 | D:3      | Reached XP level 5. HP: 47/47 MP: 1/9
  1907 | D:3      | Found a burning altar of Makhleb.
  2497 | D:3      | Noticed a phantom
  2505 | D:3      | Killed a phantom
  2506 | D:3      | Reached XP level 6. HP: 52/53 MP: 1/11
  2702 | D:4      | Found a staircase to the Ecumenical Temple.
  2715 | Temple   | Entered the Ecumenical Temple
  3702 | D:4      | Got the Precepts of Frigid Orientation
  3960 | D:5      | Entered Level 5 of the Dungeon
  4013 | D:5      | Reached XP level 7. HP: 60/60 MP: 12/12
  4091 | D:5      | Found a large runed translucent door.
  4105 | D:5      | Found a large runed translucent door.
  4113 | D:5      | Found a hazy altar of Hepliaklqana.
  4125 | D:5      | Found a bloodstained altar of Trog.
  4193 | D:5      | Found a sparkling altar of Nemelex Xobeh.
  4196 | D:5      | Found a glowing golden altar of the Shining One.
  4338 | D:5      | Noticed a yak
  4339 | D:5      | Noticed a yak
  4367 | D:5      | Killed a yak
  4368 | D:5      | Reached XP level 8. HP: 46/67 MP: 2/14
  4470 | D:5      | Noticed a yak
  4496 | D:5      | Noticed a yak
  4503 | D:5      | Killed a yak
  4512 | D:5      | Killed a yak
  4517 | D:5      | Killed a yak
  5050 | D:5      | Reached XP level 9. HP: 67/73 MP: 16/16
  5065 | D:5      | Found a glowing silver altar of Zin.
  5320 | D:6      | Reached skill level 5 in Spellcasting
  5399 | D:6      | Noticed Prince Ribbit
  5413 | D:6      | Killed Prince Ribbit
  5748 | D:6      | Found a blossoming altar of Fedhas.
  5799 | D:6      | Found a shadowy altar of Dithmenos.
  5813 | D:6      | Reached skill level 5 in Invocations
  6348 | D:7      | Noticed Maggie
  6367 | D:7      | Killed Maggie
  6546 | D:7      | Noticed Joseph
  6549 | D:7      | Found a radiant altar of Vehumet.
  6556 | D:7      | Killed Joseph
  6557 | D:7      | Reached skill level 5 in Short Blades
  6557 | D:7      | Reached skill level 5 in Axes
  6557 | D:7      | Reached skill level 5 in Maces & Flails
  6557 | D:7      | Reached skill level 5 in Polearms
  6557 | D:7      | Reached skill level 5 in Staves
  6557 | D:7      | Reached skill level 5 in Ranged Weapons
  6557 | D:7      | Reached skill level 5 in Throwing
  6557 | D:7      | Reached skill level 5 in Armour
  6557 | D:7      | Reached skill level 5 in Dodging
  6557 | D:7      | Reached skill level 5 in Stealth
  6557 | D:7      | Reached skill level 5 in Shields
  6557 | D:7      | Reached skill level 5 in Unarmed Combat
  6557 | D:7      | Reached skill level 5 in Evocations
  6557 | D:7      | Reached XP level 10. HP: 28/81 MP: 8/18
  6880 | D:7      | Noticed Duvessa
  6880 | D:7      | Noticed Dowan
  6886 | D:7      | Killed Duvessa
  6920 | D:7      | Killed Dowan
  7437 | D:8      | Learned a level 3 spell: Gell's Gravitas
  7621 | D:8      | Noticed an elephant
  7646 | D:8      | Killed an elephant
  7703 | D:8      | Noticed Grum
  7720 | D:8      | Killed Grum
  7734 | D:8      | Reached skill level 5 in Conjurations
  7734 | D:8      | Reached skill level 5 in Hexes
  7734 | D:8      | Reached skill level 5 in Summonings
  7734 | D:8      | Reached skill level 5 in Necromancy
  7734 | D:8      | Reached skill level 5 in Translocations
  7734 | D:8      | Reached skill level 5 in Transmutations
  7734 | D:8      | Reached skill level 5 in Ice Magic
  7734 | D:8      | Reached skill level 5 in Air Magic
  7734 | D:8      | Reached skill level 5 in Earth Magic
  7734 | D:8      | Reached skill level 5 in Poison Magic
  7759 | D:8      | Found a staircase to the Lair.
  7762 | D:8      | Reached XP level 11. HP: 59/89 MP: 5/21
  7813 | D:8      | Found a sacrificial altar of Ru.
  7957 | D:8      | Found a flagged portal.
  7973 | Bailey   | Entered a bailey
  8257 | Bailey   | Noticed a vault guard
  8277 | Bailey   | Killed a vault guard
  8329 | Bailey   | Noticed a vault guard
  8351 | Bailey   | Killed a vault guard
  8519 | D:8      | Found Ustref's General Store.
  8544 | D:8      | Bought a scroll of enchant weapon for 97 gold pieces
  8544 | D:8      | Bought 2 potions of curing for 78 gold pieces
  8544 | D:8      | Bought a potion of haste for 130 gold pieces
  8668 | D:8      | Found a shimmering blue altar of Sif Muna.
  8750 | D:8      | Found a broken altar of Ashenzari.
  9010 | Lair:1   | Entered Level 1 of the Lair of Beasts
  9154 | Lair:1   | Learned a level 2 spell: Searing Ray
  9431 | Lair:1   | Learned a level 2 spell: Ensorcelled Hibernation
  9434 | Lair:1   | Learned a level 2 spell: Passwall
  9543 | Lair:1   | Reached XP level 12. HP: 69/97 MP: 19/23
 10217 | Lair:2   | Noticed Nergalle
 10217 | Lair:2   | Found a transporter.
 10240 | Lair:1   | Killed Nergalle
 10455 | Lair:2   | Reached skill level 10 in Fighting
 10455 | Lair:2   | Reached skill level 10 in Long Blades
 10590 | Lair:2   | Found a transporter.
 10713 | Lair:2   | Learned a level 3 spell: Swiftness
 10728 | Lair:2   | Noticed PublicAnimeNo1's ghost (journeyman KoEE)
 10906 | Lair:2   | Found a staircase to the Snake Pit.
 11241 | Lair:2   | Noticed Harold
 11252 | Lair:2   | Killed Harold
 11294 | Lair:2   | Noticed Gastronok
 11904 | Lair:2   | Killed PublicAnimeNo1's ghost
 11905 | Lair:2   | Reached XP level 13. HP: 37/104 MP: 18/25
 11914 | Lair:2   | Identified the +1 helmet "Pinki" {rPois}
 12043 | Lair:2   | Killed Gastronok
 13303 | D:10     | Entered Level 10 of the Dungeon
 13303 | D:10     | Found a basalt altar of Yredelemnul.
 14126 | D:10     | Found an iron altar of Okawaru.
 14134 | D:10     | Fell from the grace of Ignis
 14134 | D:10     | Became a worshipper of Warmaster Okawaru
 14176 | D:10     | Identified the +5 short sword "Gaung" {antimagic, rC+}
 14479 | D:10     | Found a runed translucent gate.
 14479 | D:10     | Found a runed translucent gate.
 14479 | D:10     | Found a runed translucent gate.
 15086 | Lair:2   | You fall into a shaft and drop 1 floor!
 15410 | Lair:3   | Reached * piety under Okawaru
 15737 | Lair:3   | Learned a level 4 spell: Fulminant Prism
 15809 | Lair:3   | Found a staircase to the Swamp.
 15912 | Lair:3   | HP: 4/106 [fire elemental[the fiery vengeance of Ignis]
                  | (13)]
 15915 | Lair:3   | Slain by a fire elemental

Illustrated notes

Levels and vault maps discovered:
D:1:      minmay_arrival_up_and_down, layout_basic,
          dreamdust_ecumenical_altar_statues, grunt_decor_cap
D:2:      layout_basic, minmay_strange_pillars
D:3:      minmay_skewed_foursquare, layout_basic,
          mainiacjoe_overflow_cross_hatched, minmay_checkerbox
D:4:      layout_basic, minmay_temple_entry_offerings
D:5:      layout_basic, marbit_many_paths, jmf_multi_god_temple2,
          grunt_temple_overflow_open, st_stairs_4
D:6:      layout_loops_corners, old_standard_altar, grunt_dithmenos_smoke,
          uniq_prince_ribbit1
D:7:      layout_basic, mainiacjoe_overflow_tiny_flanked, uniq_duvessa,
          uniq_maggie, uniq_joseph
D:8:      layout_basic, nicolae_ru_path_of_blood, mainiacjoe_overflow_boulevard,
          mainiacjoe_overflow_six_doors_small, david_lair_generic, serial_shops,
          shop, enter_bailey_3, minivault_14, uniq_grum
D:9:      cheibrodos_wizards_tower, layout_rooms, serial_co_window_serial,
          co_window_paths_b, co_window_of_opportunity_a,
          co_window_of_opportunity_a, co_window_corner_a, co_window_corner_a,
          co_window_of_opportunity_b, co_window_broadway_a,
          co_window_unsneaky_path_e, co_window_cross_3, co_window_4corner_b,
          co_window_4corner_a, glass_columns_b, glass_columns_b, minmay_ruffians
D:10:     minmay_four_partial_circles, layout_irregular_city,
          mainiacjoe_overflow_catwalk, okawaru_gym_becter,
          ploomutoo_gammafunk_ghost_potion_laboratory, roderic_lattice_a,
          minmay_librarian
Temple:   nicolae_temple_godpark
Lair:1:   layout_long_grid, grunt_megastairs_4
Lair:2:   layout_cave_pods, guppyfry_snake_entry_garden,
          gammafunk_ghost_berserking_beasts, serial_bayou_shore_b,
          uniq_gastronok, uniq_harold, uniq_nergalle
Lair:3:   layout_regular_city, minmay_swamp_entry_wisps,
          gammafunk_lair_bear_cave, serial_bayou_shore_b, lemuel_fruit_fields

Skill      XL: |  1  2  3  4  5  6  7  8  9 10 11 12 13 |
---------------+----------------------------------------+-----
Invocations    | 1 2 3 4 5 6 7 8 9 |  9.9
Short Blades   | 1 2 3 5 6 7 8 9 |  9.1
Axes           | 1 2 3 5 6 7 8 9 |  9.1
Maces & Flails | 1 2 3 5 6 7 8 9 |  9.1
Polearms       | 1 2 3 5 6 7 8 9 |  9.1
Staves         | 1 2 3 5 6 7 8 9 |  9.1
Ranged Weapons | 1 2 3 5 6 7 8 9 |  9.1
Throwing       | 1 2 3 5 6 7 8 9 |  9.1
Armour         | 1 2 3 5 6 7 8 9 |  9.1
Dodging        | 1 2 3 5 6 7 8 9 |  9.1
Stealth        | 1 2 3 5 6 7 8 9 |  9.1
Shields        | 1 2 3 5 6 7 8 9 |  9.1
Unarmed Combat | 1 2 3 5 6 7 8 9 |  9.1
Evocations     | 1 2 3 5 6 7 8 9 |  9.1
Spellcasting   | 3 4 5 6 7 8 9 |  9.5
Conjurations   | 1 2 3 4 5 6 7 |  7.6
Hexes          | 1 2 3 4 5 6 7 |  7.6
Summonings     | 1 2 3 4 5 6 7 |  7.6
Necromancy     | 1 2 3 4 5 6 7 |  7.6
Translocations | 1 2 3 4 5 6 7 |  7.6
Transmutations | 1 2 3 4 5 6 7 |  7.6
Ice Magic      | 1 2 3 4 5 6 7 |  7.6
Air Magic      | 1 2 3 4 5 6 7 |  7.6
Earth Magic    | 1 2 3 4 5 6 7 |  7.6
Poison Magic   | 1 2 3 4 5 6 7 |  7.6
Fighting       | 7 8 9 10 11 | 11.2
Long Blades    | 7 8 9 10 11 | 11.2
Fire Magic     | 6 7 8 9 |  9.4

Action                   |  1- 3 |  4- 6 |  7- 9 | 10-12 | 13-15 || total
-------------------------+-------+-------+-------+-------+-------++-------
Melee: Falchion          |    88 |    51 |   185 |   609 |   377 ||  1310
       Bite              |     8 |     6 |    35 |    88 |    56 ||   193
       Whip              |       |     9 |    66 |       |       ||    75
       Dagger            |       |       |       |    26 |    27 ||    53
 Fire: Sling             |    50 |    66 |    92 |   219 |   129 ||   556
 Cast: Scorch            |     7 |    10 |    59 |    68 |     5 ||   149
       Gell's Gravitas   |       |       |       |    13 |     1 ||    14
       Ensorcelled Hiber |       |       |       |    14 |    47 ||    61
       Searing Ray       |       |       |       |     9 |     5 ||    14
       Swiftness         |       |       |       |     2 |     2 ||     4
       Passwall          |       |       |       |       |     1 ||     1
Invok: Fiery Armour      |       |       |     3 |     7 |       ||    10
       Foxfire Swarm     |       |       |     1 |       |       ||     1
Evoke: Wand              |       |       |       |     7 |       ||     7
  Use: Scroll            |     1 |     3 |     2 |     4 |     9 ||    19
       Potion            |       |       |       |     5 |     4 ||     9
 Stab: Sleeping          |       |       |     5 |    10 |    27 ||    42
Armor: Robe              |    11 |       |       |       |       ||    11
       Ring mail         |    22 |    15 |       |       |       ||    37
       Leather armour    |       |     4 |    65 |       |       ||    69
       Skin              |       |       |       |    33 |       ||    33
       Acid dragon scale |       |       |       |   181 |    68 ||   249
       Troll leather arm |       |       |       |       |    62 ||    62
Dodge: Dodged            |    59 |    25 |   123 |   401 |   299 ||   907
Block: Buckler           |     8 |    12 |    54 |   190 |    68 ||   332
       Kite shield       |       |       |       |       |   132 ||   132
